[Event "International chess holiday K22"]
[Site "?"]
[Date "2018.07.23"]
[Round "3"]
[White "Suchy, Ladislav"]
[Black "Hager, Eberhard"]
[Result "1-0"]
[ECO "C41"]
[WhiteElo "1832"]
[BlackElo "1800"]
[Annotator "Koller,Martin"]
[PlyCount "46"]
[TimeControl "240+2"]

{279MB} 1. Nc3 Nf6 2. e4 e5 3. Nf3 d6 4. d4 exd4 5. Nxd4 Be7 6. Be2 O-O 7. g4
Nc6 8. Be3 Re8 9. h4 Bf8 10. f3 d5 11. g5 Nh5 12. Nxd5 Nxd4 13. Qxd4 Ng3 14.
Rh2 Nxe2 15. Rxe2 c6 16. Nf4 Qc7 17. O-O-O b6 18. Nh5 Ba6 19. Red2 c5 20. Qc3
Red8 21. Bf4 Qe7 22. Bd6 Qe8 23. Bxf8 Qxf8 1-0

[Event "International chess holiday K22"]
[Site "?"]
[Date "2018.07.23"]
[Round "3"]
[White "Pribyl, Jaroslav"]
[Black "Ruzicka, Vaclav"]
[Result "1-0"]
[ECO "A45"]
[WhiteElo "1827"]
[BlackElo "1609"]
[Annotator "Koller,Martin"]
[PlyCount "97"]
[TimeControl "240+2"]

{279MB} 1. d4 Nf6 2. Nc3 e6 3. e4 h6 4. e5 Nd5 5. Nxd5 exd5 6. Bd3 Be7 7. f4 c5
8. c3 cxd4 9. cxd4 Nc6 10. Nf3 Bb4+ 11. Kf2 d6 12. Be3 dxe5 13. Nxe5 Nxe5 14.
fxe5 Be7 15. Rf1 Bg5 16. Bxg5 hxg5 17. Qf3 Be6 18. Bb5+ Kf8 19. Kg1 g4 20. Qf4
Qh4 21. Rac1 g5 22. Qg3 Qxg3 23. hxg3 Kg7 24. Rc7 Rac8 25. Rfc1 a6 26. Bd3 b5
27. Kf2 Rxc7 28. Rxc7 Rc8 29. Rxc8 Bxc8 30. Ke3 f5 31. exf6+ Kxf6 32. Kd2 Ke6
33. Kc3 Kd6 34. Kb4 Kc6 35. Ka5 Kb7 36. a4 Bd7 37. axb5 axb5 38. Bxb5 Bf5 39.
Be8 Bc8 40. Kb5 Kc7 41. Kc5 Bb7 42. Bf7 Bc6 43. Bxd5 Bd7 44. b4 Bc8 45. b5 Bd7
46. Bc6 Bc8 47. b6+ Kb8 48. d5 Bf5 49. d6 1-0

[Event "International chess holiday K22"]
[Site "?"]
[Date "2018.07.23"]
[Round "3"]
[White "Sittinger, Lutz"]
[Black "Hadzala, Daniel"]
[Result "1-0"]
[ECO "B07"]
[WhiteElo "1900"]
[BlackElo "2104"]
[Annotator "Koller,Martin"]
[PlyCount "75"]
[TimeControl "240+2"]

{279MB} 1. e4 d6 2. d4 Nf6 3. Nc3 c6 4. Nf3 Bg4 5. Be2 Qc7 6. Bf4 Nbd7 7. O-O
e5 8. Be3 Be7 9. h3 Bh5 10. a3 O-O 11. Qd2 Rfe8 12. Rfe1 Bg6 13. Bd3 Nf8 14.
Rad1 Ne6 15. d5 cxd5 16. exd5 Nc5 17. Bxg6 hxg6 18. Nxe5 Nfe4 19. Nxe4 Nxe4 20.
Qd3 dxe5 21. Qxe4 f5 22. d6 fxe4 23. dxc7 Kf7 24. Rd7 Ke6 25. Red1 b6 26. g4
Rac8 27. Bg5 Rxc7 28. Rxc7 Bxg5 29. Rxg7 Kf6 30. Rxa7 Bf4 31. Rd6+ Kg5 32. Rg7
Rh8 33. Rdxg6+ Kh4 34. Kg2 e3 35. fxe3 Bxe3 36. Re6 Rf8 37. Rh7+ Kg5 38. Rh5+
1-0

[Event "International chess holiday K22"]
[Site "?"]
[Date "2018.07.23"]
[Round "3"]
[White "Van Den Eede, Gerrit"]
[Black "Hammerman, Christian"]
[Result "1-0"]
[ECO "B22"]
[WhiteElo "1826"]
[BlackElo "1813"]
[Annotator "Koller,Martin"]
[PlyCount "81"]
[TimeControl "240+2"]

{279MB} 1. e4 c5 2. c3 g6 3. d4 cxd4 4. cxd4 Bg7 5. Nc3 d6 6. Bg5 Nf6 7. e5 Ng8
8. Nf3 h6 9. Bf4 d5 10. Rc1 Nc6 11. Bd3 Bg4 12. Be3 e6 13. O-O Nge7 14. h3 Bf5
15. Be2 g5 16. Nb5 Nc8 17. Nh2 a6 18. Nc3 Bg6 19. f4 f5 20. exf6 Bxf6 21. Bh5
Bxh5 22. Qxh5+ Kd7 23. fxg5 hxg5 24. Qf7+ Be7 25. Na4 b6 26. Ng4 Nd6 27. Nf6+
Kc7 28. Qxe6 Kb7 29. Nxd5 Re8 30. Ndxb6 Bf8 31. Qb3 Na5 32. Qd5+ Ka7 33. Bxg5
Be7 34. Bxe7 Qxe7 35. Nxa8 Qe3+ 36. Kh1 Ndb7 37. N8b6 Rh8 38. Qe5 Qh6 39. Qg3
Qh7 40. b3 Rg8 41. Qf3 1-0

[Event "International chess holiday K22"]
[Site "?"]
[Date "2018.07.23"]
[Round "3"]
[White "Ekberg, Karl"]
[Black "Plesnivy, Martin"]
[Result "1/2-1/2"]
[ECO "D35"]
[WhiteElo "1838"]
[BlackElo "1716"]
[Annotator "Koller,Martin"]
[PlyCount "86"]
[TimeControl "240+2"]

{279MB} 1. d4 d5 2. c4 e6 3. Nc3 Nf6 4. cxd5 exd5 5. Bg5 Be7 6. e3 O-O 7. Bd3
Nbd7 8. Nge2 c6 9. O-O h6 10. Bh4 Ne4 11. Bxe7 Nxc3 12. Bxd8 Nxd1 13. Be7 Re8
14. Ba3 Nxe3 15. fxe3 Rxe3 16. Rad1 Nf6 17. h3 Bd7 18. b3 Rae8 19. Nc3 Ne4 20.
Nxe4 dxe4 21. Bc4 Be6 22. Rfe1 Rxe1+ 23. Rxe1 Bxc4 24. bxc4 f5 25. Bd6 g5 26.
g3 Kf7 27. Kf2 Re6 28. Bb8 Re8 29. Bxa7 Ra8 30. Bc5 Rxa2+ 31. Re2 Ra4 32. Rc2
Ke6 33. g4 f4 34. Bf8 Ra8 35. Bc5 Ra4 36. Kg2 Ra1 37. Bf8 f3+ 38. Kf2 Rh1 39.
Ke3 Re1+ 40. Kf2 Rh1 41. Ke3 Re1+ 42. Kf2 Rh1 43. Ke3 Re1+ 1/2-1/2

[Event "International chess holiday M21"]
[Site "?"]
[Date "2018.07.24"]
[Round "4"]
[White "Dudek, Vojtech"]
[Black "Michalek, Frantisek"]
[Result "1/2-1/2"]
[ECO "D00"]
[WhiteElo "1905"]
[BlackElo "2023"]
[Annotator "Koller,Martin"]
[PlyCount "51"]
[TimeControl "240+2"]

{279MB} 1. d4 d5 2. Bf4 Bf5 3. e3 e6 4. c4 c6 5. Qb3 Qb6 6. c5 Qxb3 7. axb3
Bxb1 8. Rxb1 Nd7 9. b4 a6 10. Ra1 Rc8 11. Nf3 Be7 12. Bd3 Ngf6 13. h3 Bd8 14.
Nd2 O-O 15. Bd6 Re8 16. f4 Bc7 17. Bxc7 Rxc7 18. Kf2 Nb8 19. g4 Rce7 20. Rhe1
Rd8 21. Nf1 Ne8 22. Ng3 g6 23. g5 Ng7 24. h4 Nf5 25. Bxf5 exf5 26. Ne2 1/2-1/2

[Event "International chess holiday M21"]
[Site "?"]
[Date "2018.07.24"]
[Round "4"]
[White "Kasparov, Sergey"]
[Black "Philipp, Mathias"]
[Result "1-0"]
[ECO "B29"]
[WhiteElo "2449"]
[BlackElo "2073"]
[Annotator "Koller,Martin"]
[PlyCount "47"]
[TimeControl "240+2"]

{279MB} 1. e4 c5 2. Nf3 Nf6 3. e5 Nd5 4. Nc3 e6 5. Nxd5 exd5 6. d4 Nc6 7. c3 d6
8. Bb5 Qb6 9. Qe2 dxe5 10. Nxe5 Be6 11. Be3 c4 12. Bxc6+ bxc6 13. Nxc4 dxc4 14.
d5 c5 15. dxe6 Qxe6 16. Qf3 Rb8 17. O-O Qf6 18. Bf4 Rd8 19. Qb7 Be7 20. Bc7 Rd3
21. Qc8+ Bd8 22. Rfe1+ Kf8 23. Rad1 Qe7 24. Bxd8 1-0

[Event "International chess holiday M21"]
[Site "?"]
[Date "2018.07.24"]
[Round "4"]
[White "Kures, Michael"]
[Black "Sedlacek, Tomas"]
[Result "1/2-1/2"]
[ECO "C05"]
[WhiteElo "1982"]
[BlackElo "2033"]
[Annotator "Koller,Martin"]
[PlyCount "69"]
[TimeControl "240+2"]

{279MB} 1. e4 e6 2. d4 d5 3. Nd2 Nf6 4. e5 Ng8 5. Bd3 b6 6. Ne2 Qd7 7. O-O Ba6
8. Bxa6 Nxa6 9. c3 c5 10. a3 Nc7 11. b4 c4 12. a4 a6 13. f4 Ne7 14. g4 h5 15.
gxh5 Nf5 16. Nf3 O-O-O 17. a5 b5 18. Ng3 Nh6 19. Ra2 Be7 20. Rg2 Rdg8 21. Ng5
g6 22. hxg6 fxg6 23. Bd2 Qe8 24. Qe2 Kd7 25. Rff2 Rg7 26. Kf1 Qg8 27. Rg1 Nf7
28. Ke1 Nxg5 29. fxg5 Rgh7 30. Nf1 Ne8 31. Ne3 Rh5 32. Ng4 Bxg5 33. Bxg5 Rxg5
34. Nf6+ Nxf6 35. Rxg5 1/2-1/2

[Event "International chess holiday M21"]
[Site "?"]
[Date "2018.07.24"]
[Round "4"]
[White "Morling, Joakim"]
[Black "Vorisek, Jakub"]
[Result "0-1"]
[ECO "D34"]
[WhiteElo "2040"]
[BlackElo "2129"]
[Annotator "Koller,Martin"]
[PlyCount "98"]
[TimeControl "240+2"]

{279MB} 1. d4 d5 2. c4 e6 3. Nc3 c5 4. cxd5 exd5 5. Nf3 Nc6 6. g3 Nf6 7. Bg2
Be7 8. O-O O-O 9. Bg5 c4 10. Ne5 Be6 11. Nxc6 bxc6 12. b3 h6 13. Bf4 Qa5 14.
Na4 Rfd8 15. Qc2 Rac8 16. Rfd1 Nd7 17. bxc4 dxc4 18. e4 Nb6 19. Nxb6 axb6 20.
Bd2 Qh5 21. Bc3 b5 22. a3 Ra8 23. Bb2 Bg4 24. Re1 Bf3 25. Qc3 Bxg2 26. Kxg2 Bf6
27. e5 Be7 28. Kg1 Ra4 29. Qe3 Qf5 30. Red1 Rd5 31. Kg2 Qd7 32. Qf3 Qe6 33. Qe4
Rd8 34. Kg1 Qd5 35. Qg4 Rda8 36. h4 Bxa3 37. Bxa3 Rxa3 38. Rxa3 Rxa3 39. Qc8+
Kh7 40. Qf5+ g6 41. Qf6 Rf3 42. Qe7 h5 43. Qg5 c3 44. g4 c2 45. Rf1 Qxd4 46. e6
Rg3+ 47. Kh2 Rxg4 48. exf7 Rxg5 49. f8=Q Qxh4# 0-1

[Event "International chess holiday M21"]
[Site "?"]
[Date "2018.07.24"]
[Round "4"]
[White "Hurtak, Otto"]
[Black "Lokander, Martin"]
[Result "0-1"]
[ECO "D94"]
[WhiteElo "1958"]
[BlackElo "2386"]
[Annotator "Koller,Martin"]
[PlyCount "112"]
[TimeControl "240+2"]

{279MB} 1. d4 Nf6 2. c4 c5 3. e3 g6 4. Nc3 Bg7 5. Nf3 O-O 6. Be2 cxd4 7. exd4
d5 8. O-O Nc6 9. c5 Ne4 10. Be3 b6 11. Qa4 Nxc3 12. bxc3 Na5 13. Rfd1 Qc7 14.
Rac1 Bd7 15. Qa3 e6 16. g3 Nc4 17. Bxc4 dxc4 18. Bf4 Qb7 19. d5 exd5 20. Nd4
Rfc8 21. Bd6 bxc5 22. Bxc5 Bg4 23. Re1 Re8 24. Be7 Qd7 25. Qd6 Qxd6 26. Bxd6
Bxd4 27. cxd4 Bf3 28. Be5 Re6 29. Rb1 Rae8 30. Re3 Be4 31. Rbe1 Ra6 32. Bf4
Ree6 33. a3 Bd3 34. Ra1 Rxe3 35. Bxe3 c3 36. f3 Rb6 37. Rc1 Rb3 38. a4 Ra3 39.
h4 h5 40. g4 hxg4 41. fxg4 c2 42. h5 gxh5 43. gxh5 Rxa4 44. Kf2 Rb4 45. Kf3
Be4+ 46. Kf4 Rb3 47. Rg1+ Kh7 48. Bc1 a5 49. Ke5 a4 50. Rf1 Bf3 51. Kf6 a3 52.
Rg1 Rb6+ 53. Kxf7 Rb7+ 54. Kf8 a2 55. Bf4 Bxh5 56. Be5 Rf7+ 0-1

[Event "International chess holiday K21"]
[Site "?"]
[Date "2018.07.24"]
[Round "4"]
[White "Willockx, Ritsaart"]
[Black "Docekalova, Alexandra"]
[Result "1-0"]
[ECO "C17"]
[WhiteElo "1938"]
[BlackElo "1893"]
[Annotator "Koller,Martin"]
[PlyCount "29"]
[TimeControl "240+2"]

{279MB} 1. e4 e6 2. d4 d5 3. Nc3 Bb4 4. e5 c5 5. Bd2 a6 6. Qg4 Kf8 7. a3 Ba5 8.
dxc5 d4 9. Ne4 Bxd2+ 10. Nxd2 Qd5 11. Ngf3 Nc6 12. b4 Nh6 13. Qf4 Rg8 14. h4
Nf5 15. g4 1-0

[Event "International chess holiday K21"]
[Site "?"]
[Date "2018.07.24"]
[Round "4"]
[White "Kasparova, Tatiana"]
[Black "Thomasson, Staffan"]
[Result "0-1"]
[ECO "B15"]
[WhiteElo "2090"]
[BlackElo "1868"]
[Annotator "Koller,Martin"]
[PlyCount "82"]
[TimeControl "240+2"]

{279MB} 1. e4 g6 2. d4 Bg7 3. Nc3 c6 4. Nf3 d5 5. h3 dxe4 6. Nxe4 Nf6 7. Nxf6+
exf6 8. Bd3 O-O 9. O-O Nd7 10. Be3 Nb6 11. Qc1 Re8 12. Rd1 Be6 13. c4 Rc8 14.
Rb1 Qe7 15. b3 Bf8 16. Re1 Qd7 17. Qb2 Bxh3 18. Bf1 Bf5 19. Rbd1 Bg4 20. Be2
Qf5 21. a4 Bb4 22. Rf1 Qh5 23. Bf4 Re4 24. Be3 Bd6 25. Rfe1 Bb4 26. Rf1 Rce8
27. d5 cxd5 28. cxd5 Nxd5 29. Rd4 Rxe3 30. fxe3 Bc5 31. Bb5 Bxd4 32. Nxd4 Re7
33. Qf2 f5 34. Rc1 Rxe3 35. Rc8+ Kg7 36. Nc2 Re4 37. Bd3 Re5 38. Qxa7 Bd1 39.
Qd4 Bxc2 40. Rxc2 Qd1+ 41. Kh2 f6 0-1

[Event "International chess holiday K21"]
[Site "?"]
[Date "2018.07.24"]
[Round "4"]
[White "Pacovsky, Ota"]
[Black "Koper, Stefan"]
[Result "1/2-1/2"]
[ECO "A34"]
[WhiteElo "1743"]
[BlackElo "1830"]
[Annotator "Koller,Martin"]
[PlyCount "76"]
[TimeControl "240+2"]

{279MB} 1. c4 b6 2. e4 c5 3. Nc3 Nc6 4. Nge2 e5 5. d3 d6 6. a3 f5 7. Qa4 Bd7 8.
exf5 Nd4 9. Qd1 Bxf5 10. Ng3 Bg6 11. h4 h6 12. Be3 Be7 13. Bxd4 exd4 14. Nd5
Nf6 15. Nxf6+ Bxf6 16. Qg4 Kf7 17. O-O-O Re8 18. Be2 Qc8 19. Qxc8 Raxc8 20. Bg4
Rcd8 21. Kd2 d5 22. b3 Re5 23. Bf3 dxc4 24. bxc4 Rd6 25. a4 Re7 26. Bd5+ Kf8
27. Ne4 Bxe4 28. Bxe4 Be5 29. g3 Bf6 30. f4 Rc7 31. Rdf1 Bd8 32. g4 g6 33. h5
gxh5 34. Rxh5 Kg7 35. Ke2 Rf7 36. Rf5 Rxf5 37. Bxf5 Rf6 38. Kf3 h5 1/2-1/2

[Event "International chess holiday K21"]
[Site "?"]
[Date "2018.07.24"]
[Round "4"]
[White "Schoenmakers, Nico"]
[Black "Sniegon, Adam"]
[Result "0-1"]
[ECO "B22"]
[WhiteElo "1782"]
[BlackElo "1817"]
[Annotator "Koller,Martin"]
[PlyCount "106"]
[TimeControl "240+2"]

{279MB} 1. e4 c5 2. d4 cxd4 3. c3 Nf6 4. e5 Nd5 5. cxd4 e6 6. a3 Nc6 7. Nf3 d6
8. Bd3 Be7 9. O-O O-O 10. Re1 dxe5 11. dxe5 h6 12. Be4 Bc5 13. b4 Bb6 14. Bb2
Nce7 15. Nc3 Nxc3 16. Bxc3 Rb8 17. Qxd8 Rxd8 18. Red1 Bd7 19. Rac1 a6 20. g3
Bc6 21. Bxc6 Nxc6 22. Kf1 Rxd1+ 23. Rxd1 Rd8 24. Rxd8+ Bxd8 25. Nd2 f6 26. exf6
Bxf6 27. Bxf6 gxf6 28. Ne4 f5 29. Nc5 Nd8 30. f4 Kf7 31. Kf2 Ke7 32. Ke3 Kd6
33. h3 a5 34. Nd3 axb4 35. Nxb4 Kc5 36. Kd3 h5 37. Kc3 Nf7 38. Nd3+ Kb5 39. Kb3
Nd6 40. a4+ Kc6 41. Nc1 Kc5 42. Ne2 Ne4 43. h4 b6 44. Kc2 Kc4 45. Kb2 Kd3 46.
Nc1+ Ke3 47. Nb3 Nxg3 48. Nc5 Kxf4 49. Nd7 Ne4 50. Nxb6 Nc5 51. a5 e5 52. Kc3
e4 53. Kd4 Nb3+ 0-1

[Event "International chess holiday K21"]
[Site "?"]
[Date "2018.07.24"]
[Round "4"]
[White "Krnak, Vladimir"]
[Black "Kalvach, Ladislav"]
[Result "0-1"]
[ECO "D05"]
[WhiteElo "1705"]
[BlackElo "1805"]
[Annotator "Koller,Martin"]
[PlyCount "124"]
[TimeControl "240+2"]

{279MB} 1. d4 e6 2. Nf3 b6 3. Nbd2 Bb7 4. e3 Nf6 5. Bd3 d5 6. b3 Bb4 7. O-O Bc3
8. Rb1 O-O 9. Ne5 Qd6 10. f4 Ba6 11. Ndf3 Ne4 12. Bxa6 Nxa6 13. Qe2 Nb4 14. a4
c5 15. Ba3 cxd4 16. Bxb4 Bxb4 17. exd4 Nc3 18. Qf2 Nxb1 19. Rxb1 Rac8 20. g4 f6
21. Nd3 Bc3 22. Kh1 Rc7 23. Rg1 e5 24. dxe5 fxe5 25. fxe5 Bxe5 26. Qg2 Bc3 27.
Qh3 Qf6 28. Nh4 Re7 29. Nf5 Re4 30. Rf1 Qg5 31. Nf2 Re1 32. Rxe1 Bxe1 33. Nd3
Re8 34. Qf3 Qd8 35. Nf4 d4 36. Qg2 Qa8 37. Qxa8 Rxa8 38. Nxd4 Bc3 39. Nb5 Bd2
40. Nd5 Rd8 41. c4 Rd7 42. Kg2 Kf7 43. Kf3 Ke6 44. Ke4 Rf7 45. Nd4+ Kd6 46. h4
g6 47. Nf3 Bc1 48. g5 Bb2 49. Nd4 Bxd4 50. Kxd4 Rf3 51. b4 Rh3 52. c5+ bxc5+
53. bxc5+ Kc6 54. Nb4+ Kc7 55. Kd5 Rxh4 56. Nc2 Rh5 57. Kc4 Rxg5 58. Kb5 a6+
59. Kb4 h5 60. Ne3 h4 61. Kc4 h3 62. Nd5+ Rxd5 0-1

[Event "International chess holiday K22"]
[Site "?"]
[Date "2018.07.24"]
[Round "4"]
[White "Hadzala, Daniel"]
[Black "Ekberg, Karl"]
[Result "1-0"]
[ECO "A07"]
[WhiteElo "2104"]
[BlackElo "1838"]
[Annotator "Koller,Martin"]
[PlyCount "100"]
[TimeControl "240+2"]

{279MB} 1. Nf3 d5 2. g3 Nf6 3. Bg2 Bf5 4. O-O e6 5. d3 h6 6. Nbd2 Bc5 7. a3 a5
8. Qe1 O-O 9. e4 dxe4 10. dxe4 Bh7 11. e5 Nd5 12. Ne4 Nd7 13. Qe2 c6 14. c4
Bxe4 15. Qxe4 Ne7 16. h4 b5 17. h5 bxc4 18. g4 Nb6 19. g5 Qd3 20. Qg4 Qf5 21.
Qg3 hxg5 22. Bxg5 Ned5 23. Rae1 Be7 24. Bh3 Qh7 25. Kg2 Bxg5 26. Nxg5 Qxh5 27.
Rh1 Qg6 28. Re4 Rfe8 29. Rg4 f5 30. exf6 Nxf6 31. Rh4 Rad8 32. Bf5 Qxg5 33.
Qxg5 exf5 34. Qg6 Kf8 35. Rh8+ Ke7 36. Qxg7+ Ke6 37. Re1+ Ne4 38. Rxe8+ Rxe8
39. f3 Kd6 40. fxe4 fxe4 41. Qd4+ Nd5 42. Rxe4 Rxe4 43. Qxe4 Kc5 44. Kf3 Kb5
45. Qd4 Nb6 46. Ke4 Na4 47. Qg7 Nc5+ 48. Ke5 Nd3+ 49. Kd4 Ka4 50. Kxc4 Nb4 1-0

[Event "International chess holiday K22"]
[Site "?"]
[Date "2018.07.24"]
[Round "4"]
[White "Ruzicka, Vaclav"]
[Black "Hammerman, Christian"]
[Result "1-0"]
[ECO "E68"]
[WhiteElo "1609"]
[BlackElo "1813"]
[Annotator "Koller,Martin"]
[PlyCount "89"]
[TimeControl "240+2"]

{279MB} 1. d4 g6 2. Nf3 Bg7 3. c4 Nf6 4. g3 O-O 5. Bg2 d6 6. O-O Nbd7 7. Nc3 e5
8. dxe5 dxe5 9. e4 c6 10. b3 Qe7 11. Qc2 a5 12. a4 Nc5 13. Ba3 Nfd7 14. Ne1 Qg5
15. Nd3 b6 16. Rad1 Re8 17. Nxc5 Nxc5 18. Bxc5 bxc5 19. Rd6 Bb7 20. Rfd1 Bf8
21. Rd7 Bc8 22. R7d3 Bg4 23. Bf3 Be6 24. Bg2 Rab8 25. Ne2 h5 26. h4 Qh6 27. Qc3
Ra8 28. Kh2 f5 29. Bh3 Kh7 30. exf5 Bxf5 31. Bxf5 gxf5 32. Rd7+ Kh8 33. Rf7 Bg7
34. Rdd7 Rg8 35. Qf3 f4 36. gxf4 Raf8 37. fxe5 Bxe5+ 38. Ng3 Bg7 39. Qf5 Qd2
40. Qxc5 Qh6 41. Qxa5 Qg6 42. Qxh5+ Qxh5 43. Nxh5 Be5+ 44. f4 Bd4 45. Nf6 1-0

[Event "International chess holiday K22"]
[Site "?"]
[Date "2018.07.24"]
[Round "4"]
[White "Pribyl, Jaroslav"]
[Black "Sittinger, Lutz"]
[Result "1-0"]
[ECO "D00"]
[WhiteElo "1927"]
[BlackElo "1900"]
[Annotator "Koller,Martin"]
[PlyCount "47"]
[TimeControl "240+2"]

{279MB} 1. d4 Nf6 2. Nc3 d5 3. e4 dxe4 4. f3 e3 5. Bxe3 Bf5 6. Bc4 e6 7. Nge2
Be7 8. g4 Bg6 9. Nf4 Bb4 10. h4 h5 11. Nxg6 fxg6 12. Qd3 Bxc3+ 13. bxc3 Kf7 14.
gxh5 Rxh5 15. Bg5 c6 16. O-O-O b5 17. Bb3 a5 18. Rde1 Nbd7 19. Bxe6+ Kf8 20.
Qxg6 Qe8 21. Qd3 Qe7 22. Bg4 Qa3+ 23. Kd2 Rh8 24. Bxd7 1-0

[Event "International chess holiday K22"]
[Site "?"]
[Date "2018.07.24"]
[Round "4"]
[White "Hager, Eberhard"]
[Black "Van Den Eede, Gerrit"]
[Result "1/2-1/2"]
[ECO "C90"]
[WhiteElo "1800"]
[BlackElo "1826"]
[Annotator "Koller,Martin"]
[PlyCount "41"]
[TimeControl "240+2"]

{279MB} 1. e4 e5 2. Nf3 Nc6 3. Bc4 Nf6 4. d3 Be7 5. O-O O-O 6. c3 d6 7. Re1 Na5
8. Bb5 a6 9. Ba4 b5 10. Bc2 c5 11. Nbd2 Nc6 12. Nf1 Re8 13. Ng3 Bf8 14. d4 g6
15. Bg5 Bg7 16. dxe5 dxe5 17. Qxd8 Rxd8 18. Rad1 Bg4 19. h3 Be6 20. a3 h6 21.
Be3 1/2-1/2

[Event "International chess holiday K22"]
[Site "?"]
[Date "2018.07.24"]
[Round "4"]
[White "Plesnivy, Martin"]
[Black "Suchy, Ladislav"]
[Result "0-1"]
[ECO "D02"]
[WhiteElo "1716"]
[BlackElo "1832"]
[Annotator "Koller,Martin"]
[PlyCount "40"]
[TimeControl "240+2"]

{279MB} 1. d4 Nc6 2. Nf3 d5 3. e3 Bg4 4. Be2 e6 5. O-O Nf6 6. c4 dxc4 7. Bxc4
Bd6 8. Nc3 a6 9. h3 Bh5 10. Kh1 O-O 11. e4 Bxf3 12. gxf3 Nh5 13. e5 Bxe5 14. f4
Qh4 15. dxe5 Qxh3+ 16. Kg1 Rad8 17. Qe1 Rd4 18. Be2 Rxf4 19. Bxh5 Rh4 20. f3
Qh2# 0-1

[Event "International chess holiday M21"]
[Site "?"]
[Date "2018.07.24"]
[Round "5"]
[White "Vorisek, Jakub"]
[Black "Dudek, Vojtech"]
[Result "1/2-1/2"]
[ECO "B99"]
[WhiteElo "2129"]
[BlackElo "1905"]
[Annotator "Koller,Martin"]
[PlyCount "38"]
[TimeControl "240+2"]

{279MB} 1. e4 c5 2. Nf3 d6 3. d4 cxd4 4. Nxd4 Nf6 5. Nc3 a6 6. Bg5 e6 7. f4 Be7
8. Qf3 h6 9. Bh4 Nbd7 10. O-O-O Qc7 11. Bd3 b5 12. Bxf6 gxf6 13. f5 Ne5 14. Qe2
b4 15. Nb1 Nxd3+ 16. Qxd3 e5 17. Nf3 Bb7 18. Rhe1 O-O-O 19. c4 d5 1/2-1/2

[Event "International chess holiday M21"]
[Site "?"]
[Date "2018.07.24"]
[Round "5"]
[White "Sedlacek, Tomas"]
[Black "Hurtak, Otto"]
[Result "1/2-1/2"]
[ECO "D02"]
[WhiteElo "2033"]
[BlackElo "1958"]
[Annotator "Koller,Martin"]
[PlyCount "47"]
[TimeControl "240+2"]

{279MB} 1. d4 d5 2. Bf4 Nf6 3. e3 e6 4. Nd2 c5 5. c3 Nc6 6. Ngf3 Bd6 7. Bg3 O-O
8. Bd3 b6 9. Ne5 Bb7 10. Qb1 Ne7 11. f4 cxd4 12. exd4 g6 13. O-O Nf5 14. Bf2
Be7 15. Qc2 Nd6 16. Bh4 Nfe4 17. Bxe7 Qxe7 18. Rae1 f6 19. Ng4 Qd7 20. Nf2 f5
21. Nf3 Qc8 22. Ne5 Ba6 23. Bxa6 Qxa6 24. Nfd3 1/2-1/2

[Event "International chess holiday M21"]
[Site "?"]
[Date "2018.07.24"]
[Round "5"]
[White "Philipp, Mathias"]
[Black "Morling, Joakim"]
[Result "0-1"]
[ECO "B00"]
[WhiteElo "2073"]
[BlackElo "2040"]
[Annotator "Koller,Martin"]
[PlyCount "80"]
[TimeControl "240+2"]

{279MB} 1. e4 e6 2. d4 b6 3. Bd3 Bb7 4. Nf3 Nf6 5. Qe2 c5 6. c3 Nc6 7. a3 Na5
8. Nbd2 c4 9. Bc2 d5 10. e5 Ng8 11. Rb1 Qd7 12. Nf1 Bc6 13. Qd1 Ne7 14. h4
O-O-O 15. h5 f6 16. h6 Ng6 17. Ng3 Kb7 18. Nh5 fxe5 19. Bxg6 hxg6 20. Nxe5 Qe8
21. Nf4 g5 22. Nh3 gxh6 23. Nxg5 Bd6 24. Ngf7 Bxe5 25. Nxd8+ Qxd8 26. dxe5 d4
27. Qxd4 Qxd4 28. cxd4 Be4 29. b4 Nb3 30. Rxb3 cxb3 31. Kd1 Bxg2 32. Rg1 Bf3+
33. Kd2 Rc8 34. Kd3 h5 35. Bd2 Bg4 36. Ke3 Bf5 37. Bc1 Rxc1 38. Rxc1 b2 39. Rh1
b1=Q 40. Rxb1 Bxb1 0-1

[Event "International chess holiday M21"]
[Site "?"]
[Date "2018.07.24"]
[Round "5"]
[White "Michalek, Frantisek"]
[Black "Kures, Michael"]
[Result "1-0"]
[ECO "B53"]
[WhiteElo "2023"]
[BlackElo "1982"]
[Annotator "Koller,Martin"]
[PlyCount "115"]
[TimeControl "240+2"]

{279MB} 1. e4 c5 2. Nf3 d6 3. d4 cxd4 4. Qxd4 Nc6 5. Bb5 Bd7 6. Bxc6 Bxc6 7.
Nc3 Nf6 8. Bg5 e6 9. O-O-O h6 10. Bh4 e5 11. Qd3 g5 12. Bg3 Qa5 13. Kb1 O-O-O
14. Nd2 b5 15. a4 b4 16. Qc4 Kb7 17. Qxf7+ Rd7 18. Qxf6 Bg7 19. Qf3 bxc3 20.
Qxc3 Qxc3 21. bxc3 Kc7 22. a5 Rb8+ 23. Nb3 Bxe4 24. Kb2 Bxg2 25. Rhe1 Bc6 26.
Ka3 Rdd8 27. c4 Re8 28. Rd3 Rbd8 29. f3 Kb7 30. Red1 Ka8 31. Ka2 Bf8 32. Nc5
Rc8 33. Nb3 e4 34. fxe4 Bxe4 35. Rd4 Bxc2 36. R1d2 Bxb3+ 37. Kxb3 Re3+ 38. Ka2
Rc5 39. Bxd6 Rxa5+ 40. Kb1 Bg7 41. R4d3 Re1+ 42. Kc2 Raa1 43. Rb3 Re8 44. c5
Bf8 45. Rd4 Ra2+ 46. Kd3 Bxd6 47. cxd6 Rxh2 48. d7 Rd8 49. Rb5 Rf2 50. Rc5 Rff8
51. Kc4 Rh8 52. Rd6 Kb7 53. Kd5 g4 54. Rb5+ Ka8 55. Kc6 g3 56. Kc7 h5 57. Ra6
h4 58. Rxa7+ 1-0

[Event "International chess holiday K21"]
[Site "?"]
[Date "2018.07.24"]
[Round "5"]
[White "Sniegon, Adam"]
[Black "Pacovsky, Ota"]
[Result "1-0"]
[ECO "D36"]
[WhiteElo "1817"]
[BlackElo "1743"]
[Annotator "Koller,Martin"]
[PlyCount "87"]
[TimeControl "240+2"]

{279MB} 1. d4 Nf6 2. c4 e6 3. Nc3 d5 4. cxd5 exd5 5. Bg5 Be7 6. e3 c6 7. Bd3
Nbd7 8. Qc2 h6 9. Bh4 O-O 10. Nge2 Re8 11. O-O Ne4 12. Bxe7 Qxe7 13. Rab1 Ndf6
14. b4 Qd6 15. b5 Ng4 16. Ng3 f5 17. bxc6 bxc6 18. Ncxe4 fxe4 19. Be2 Rf8 20.
Bxg4 Bxg4 21. Rfc1 Rf6 22. Qc5 Qd8 23. Rb7 h5 24. h3 h4 25. Nxe4 dxe4 26. hxg4
Rg6 27. Qf5 Qe8 28. Rc5 Rf6 29. Qe5 Qf8 30. Qxe4 Re8 31. Re5 Rxe5 32. Qxe5 Rd6
33. Rxg7+ Qxg7 34. Qxd6 Qxg4 35. Qb8+ Kf7 36. Qxa7+ Ke6 37. Qc7 Qd1+ 38. Kh2
Qc2 39. Qe5+ Kd7 40. Qg7+ Kd6 41. Qh6+ Kd5 42. Qxh4 Qxa2 43. Qg5+ Kd6 44. Qd8+
1-0

[Event "International chess holiday K21"]
[Site "?"]
[Date "2018.07.24"]
[Round "5"]
[White "Thomasson, Staffan"]
[Black "Willockx, Ritsaart"]
[Result "1/2-1/2"]
[ECO "A16"]
[WhiteElo "1868"]
[BlackElo "1938"]
[Annotator "Koller,Martin"]
[PlyCount "73"]
[TimeControl "240+2"]

{279MB} 1. c4 g6 2. g3 Bg7 3. Bg2 d6 4. Nc3 Nf6 5. b4 O-O 6. Rb1 c6 7. e3 e5 8.
Nge2 Be6 9. d3 d5 10. cxd5 cxd5 11. O-O Nc6 12. b5 Ne7 13. Ba3 Re8 14. Qa4 Nd7
15. Rfc1 Nb6 16. Qb4 f5 17. Na4 Nxa4 18. Qxa4 a6 19. b6 Nc6 20. Rxc6 Qd7 21.
Rc4 dxc4 22. Qxd7 Bxd7 23. Bxb7 cxd3 24. Bxa8 Rxa8 25. Nc3 Bc6 26. Kf1 e4 27.
Nd1 Bb7 28. Ke1 Rc8 29. Bd6 Rc2 30. a3 a5 31. a4 Kf7 32. Rb5 Ke6 33. Bc7 Rc1
34. Kd2 Rc2+ 35. Ke1 Rc1 36. Kd2 Rc2+ 37. Ke1 1/2-1/2

[Event "International chess holiday K21"]
[Site "?"]
[Date "2018.07.24"]
[Round "5"]
[White "Kalvach, Ladislav"]
[Black "Schoenmakers, Nico"]
[Result "1-0"]
[ECO "B20"]
[WhiteElo "1805"]
[BlackElo "1782"]
[Annotator "Koller,Martin"]
[PlyCount "73"]
[TimeControl "240+2"]

{279MB} 1. e4 c5 2. Ne2 d6 3. g3 Nc6 4. Bg2 e6 5. O-O Nf6 6. d4 cxd4 7. Nxd4
Nxd4 8. Qxd4 e5 9. Qd3 Bd7 10. c4 Bc6 11. Nc3 Qc7 12. Bg5 Be7 13. Rac1 Rd8 14.
b4 b6 15. a4 O-O 16. f4 h6 17. Bxf6 Bxf6 18. b5 Bb7 19. Nd5 Bxd5 20. cxd5 Qb7
21. Rc6 Qb8 22. Bh3 Rfe8 23. Rfc1 g6 24. Rc7 Bg7 25. Bd7 Rf8 26. f5 g5 27. Qa3
Rxd7 28. Rxd7 Rc8 29. Rxc8+ Qxc8 30. Rxa7 Qc2 31. Qf3 Qc1+ 32. Kg2 Qc2+ 33. Kh3
Qc1 34. f6 g4+ 35. Kxg4 Bf8 36. Kh3 Qc8+ 37. Qg4+ 1-0